 Dungeon Crawl Stone Soup version 0.31-a0-198-g2ad674f65e (webtiles) character file.

Game seed: 14814097740916155187

1 ketsa the Gusty (level 1, -1/13 HPs)
             Began as a Human Wanderer on June 26, 2023.
             Slain by a goblin
             ... wielding a +0 club
              (2 damage)
             ... on level 1 of the Dungeon.
             The game lasted 00:01:25 (71 turns).

ketsa the Gusty (Human Wanderer)                      Turns: 71, Time: 00:01:26

Health: -1/13      AC:  3    Str: 14    XL:     1   Next: 22%
Magic:  2/2        EV: 10    Int: 12    God:
Gold:   13         SH:  4    Dex: 10    Spells: 2/2 levels left

rFire   . . .        a - +0 club
rCold   . . .        d - +0 buckler
rNeg    . . .        c - +0 leather armour
rPois   .            (no helmet)
rElec   .            (no cloak)
rCorr   .            (no gloves)
SInv    .            (no boots)
Will    .....        (no amulet)
Stlth   +            (no ring)
HPRegen 0.22/turn    (no ring)
MPRegen 0.08/turn

%: no passive effects
@: no status effects
A: no striking features
a: no special abilities


You were on level 1 of the Dungeon.
You visited 1 branch of the dungeon, and saw 1 of its levels.

You collected 13 gold pieces.

Inventory:

Hand Weapons
 a - a +0 club (weapon)
Armour
 c - a +0 leather armour (worn)
 d - a +0 buckler (worn)
Potions
 b - a potion of curing
 e - a potion of resistance {unknown}
 f - a potion of enlightenment {unknown}


   Skills:
 + Level 0.0 Armour
 + Level 1.0 Dodging
 - Level 3.0 Shields
 + Level 1.0 Spellcasting
 + Level 3.0 Air Magic
 + Level 1.0 Earth Magic
 - Level 1.0 Invocations


You had 2 spell levels left.
You didn't know any spells.
Your spell library contained the following spells:

 Spells                   Type           Power      Damage    Failure   Level
 Shock                    Conj/Air       16%        1d4       26%         1
 Sandblast                Erth           6%         2d5       32%         1
 Cigotuvi's Dreadful Rot  Necr/Pois/Air  6%         N/A       45%         2
 Swiftness                Air            7%         N/A       41%         3
 Stone Arrow              Conj/Erth      2%         3d7       77%         3


Dungeon Overview and Level Annotations

Branches:
Dungeon (1/15)

Altars:


Message History

You don't know any spells.
Okay, then.
A hobgoblin comes into view.
The hobgoblin shouts!
The hobgoblin moves out of view.
You hit the hobgoblin but do no damage.
The hobgoblin hits you but does no damage.
You closely miss the hobgoblin. The hobgoblin barely misses you.
You hit the hobgoblin.
The hobgoblin is lightly wounded.
The hobgoblin barely misses you. The hobgoblin closely misses you.
You hit the hobgoblin.
The hobgoblin is severely wounded.
The hobgoblin misses you.
You hit the hobgoblin.
The hobgoblin is almost dead.
The hobgoblin hits you.
You barely miss the hobgoblin.
The hobgoblin is almost dead.
The hobgoblin hits you.
You hit the hobgoblin.
You kill the hobgoblin!
You start resting.
HP restored.
Found a robe.
e - a lumpy dark potion You now have 13 gold pieces.
f - a pink potion A goblin comes into view.
It is wielding a +0 club.
The goblin shouts!
The goblin barely misses you.
You closely miss the goblin. You block the goblin's attack.
You barely miss the goblin. The goblin hits you with a +0 club.
You closely miss the goblin. The goblin hits you with a +0 club. x2
You hit the goblin but do no damage. The goblin hits you with a +0 club.
You hit the goblin but do no damage. The goblin barely misses you.
You barely miss the goblin. The goblin hits you with a +0 club.
* * * LOW HITPOINT WARNING * * *
The goblin hits you with a +0 club.
You die...

#.. #.. #.. .. #.
#.## #### ##.
#.g########... ...
#@##.....#.# ###.
#.#..#.#...# ##...
#.........####..#≈
##.#.#.#.###...#≈≈
#.#......##.#.#≈≈
#.#####..##.#..≈≈
#.# ##.##.###.≈
#.# ###.#..###≈.
#.# #.......##≈≈


You could see a goblin.

Vanquished Creatures
  A hobgoblin (D:1)
1 creature vanquished.

Notes
Turn   | Place    | Note
-------+----------+-------------------------------------------
     0 | D:1      | ketsa the Human Wanderer began the quest for the Orb.
     0 | D:1      | ketsa set off with the following items: a +0 club, a potion
                  | of curing, a +0 leather armour, a +0 buckler; and the
                  | following spells available to memorise: Shock, Sandblast,
                  | Cigotuvi's Dreadful Rot, Swiftness, Stone Arrow.
     0 | D:1      | Reached XP level 1. HP: 13/13 MP: 2/2
    71 | D:1      | Slain by a goblin

Illustrated notes

Levels and vault maps discovered:
D:1:      nzn_arrival_water_spiral, layout_rooms, serial_glass, glass_columns_b,
          glass_columns_a, st_stairs_12

Action                     || total
---------------------------++-------
  Melee: Club              ||    13
 Armour: Leather armour    ||     1
  Dodge: Dodged            ||     6
  Block: Buckler           ||     1

Table legend: (Time is in decaauts)
 A = Elapsed time spent in this place.
 B = Non-inter-level travel time spent in this place.
 C = Inter-level travel time spent in this place.
 D = Time resting spent in this place.
 E = Time spent auto-exploring this place.
 F = Levels seen in this place.
 G = Mean time per level.
                   A        B        C        D        E       F      G
               +--------+--------+--------+--------+--------+-----+--------+
         Total |     74 |     74 |      0 |     21 |     24 |   1 |   74.0 |
       Dungeon |     74 |     74 |      0 |     21 |     24 |   1 |   74.0 |
               +--------+--------+--------+--------+--------+-----+--------+

Top non-repeatable levels by time:
     D:1: 74 daAuts
